 Dungeon Crawl Stone Soup version 0.31.0-11-ge490571c62 (webtiles) character file.

Game seed: 17162224623838568947

63 qw the Shooter (level 3, 0/20 HPs)
             Began as a Deep Elf Hunter on Feb 3, 2024.
             Killed from afar by an orc wizard (6 damage)
             ... with a magic dart
             ... on level 2 of the Dungeon.
             The game lasted 00:00:07 (2217 turns).

qw the Shooter (Deep Elf Hunter)                    Turns: 2217, Time: 00:00:07

Health: 0/20       AC:  5    Str: 10    XL:     3   Next: 89%
Magic:  5/5        EV: 11    Int: 13    God:
Gold:   139        SH:  0    Dex: 18    Spells: 2/2 levels left

rFire   . . .        a - +1 shortbow
rCold   . . .        (shield currently unavailable)
rNeg    . . .        k - +0 ring mail
rPois   .            (no helmet)
rElec   .            (no cloak)
rCorr   .            (no gloves)
SInv    .            (no boots)
Will    .....        h - amulet of the acrobat
Stlth   +            (no ring)
HPRegen 0.23/turn    (no ring)
MPRegen 0.09/turn

%: acrobat
@: hasted, very quick
A: no striking features
a: no special abilities


You were on level 2 of the Dungeon.
You visited 1 branch of the dungeon, and saw 3 of its levels.

You collected 139 gold pieces.


   Skills:
 - Level 1.5 Fighting
 + Level 7.3 Ranged Weapons
 - Level 2.4 Dodging
 - Level 1.2 Stealth


You had 2 spell levels left.
You didn't know any spells.
Your spell library was empty.

Inventory:

Hand Weapons
 a - a +1 shortbow (weapon)
Armour
 k - a +0 ring mail (worn)
Jewellery
 h - an amulet of the acrobat (around neck)
Scrolls
 d - 2 scrolls of teleportation
Potions
 f - 2 potions of heal wounds
 l - a potion of curing

Dungeon Overview and Level Annotations

Branches:
Dungeon (3/15)

Altars:

Annotations:
D:3 Sigmund


Message History

You shoot an arrow. The arrow barely misses the orc.
The orc closely misses you.
You shoot an arrow. The arrow hits the orc!
You kill the orc!
You start resting.
HP restored.
You climb downwards.
Level annotation: Sigmund
There is a stone staircase leading up here.
2207 ||| DRINKING potion of haste.
You feel yourself speed up.
The orc hits you from afar with a +0 trident.
Sigmund hits you from afar with a +0 scythe.
2208 ||| STAIRDANCE The orc hits you from afar with a +0 trident.
The orc wizard closely misses you.
You climb upwards.
There is a stone staircase leading down here.
You shoot an arrow.
The arrow closely misses the orc wizard.
The orc wizard hits you with a +0 dagger.
You shoot an arrow.
The arrow hits the orc wizard but does no damage.
You shoot an arrow.
The arrow hits the orc wizard but does no damage.
The orc wizard gestures at you while chanting.
You resist with some effort.
You shoot an arrow. The arrow misses the orc wizard.
The orc wizard hits you with a +0 dagger.
You shoot an arrow. The arrow hits the orc wizard.
The orc wizard is moderately wounded.
You shoot an arrow. The arrow barely misses the orc wizard.
The orc wizard barely misses you.
You shoot an arrow. The arrow misses the orc wizard.
The orc wizard gestures at you while chanting.
You resist with some effort.
You shoot an arrow. The arrow hits the orc wizard.
The orc wizard is severely wounded.
The orc wizard casts a spell at you. The magic dart hits you.
You die...

#.######### #####.#....%..#
##########.......#####.#
#.......##.###...##....######
#.#####.##.##....#.#........#
#.#####.##.#.........#.####.#
#.#.........>....#.###.# #.#
#.#.###.##.###)..##....# #.#
#.#.# #.##.###@o.......# #.#
##.#.###.##....<.######## #.#
#........######'## #.#
#.##.##.## ##...## #.# #.##|##.#
##.....## ####.#
#.##..#.####.......## ##.##.#
#.##......#.........####...#.###
#.#.......+.........'...........
#.##....#.#.........####...#.###


You could see an orc wizard.

Vanquished Creatures
  An adder (D:2)
  A dart slug (D:2)
  An orc (D:2)
  7 ball pythons
  9 endoplasms
  A giant cockroach (D:2)
  3 goblins (D:1)
  7 hobgoblins
  6 bats
  A frilled lizard (D:2)
  6 kobolds
  6 rats
49 creatures vanquished.

Notes
Turn   | Place    | Note
-------+----------+-------------------------------------------
     0 | D:1      | qw the Deep Elf Hunter began the quest for the Orb.
     0 | D:1      | Reached XP level 1. HP: 12/12 MP: 3/3
     0 | D:1      | 0 ||| qw: Version: 0.3-a-155-g5e7d8dd
     0 | D:1      | 0 ||| qw: Game counter: 3355
     0 | D:1      | 0 ||| qw: Melee chars always use a shield: true
     0 | D:1      | 0 ||| qw: God list: Okawaru
     0 | D:1      | 0 ||| qw: Allow faded altars: false
     0 | D:1      | 0 ||| qw: Do Orc after clearing Dungeon:15 true
     0 | D:1      | 0 ||| qw: Do second Lair branch before Depths: true
     0 | D:1      | 0 ||| qw: Lair rune preference: random
     0 | D:1      | 0 ||| qw: Goals: Normal
     0 | D:1      | 0 ||| PLANNING D:1-11
   181 | D:1      | Reached XP level 2. HP: 16/16 MP: 4/4
   184 | D:1      | Reached skill level 6 in Ranged Weapons
   726 | D:1      | Reached XP level 3. HP: 20/20 MP: 5/5
   874 | D:1      | 874 ||| DROPPING amulet of magic regeneration.
   875 | D:1      | 875 ||| READING 2 scrolls labelled MICVEU BOCO.
   875 | D:1      | 875 ||| IDENTIFYING fizzy puce potion
   876 | D:1      | 876 ||| READING scroll of identify.
   876 | D:1      | 876 ||| IDENTIFYING scroll labelled ZOLU JEFEKHLIFOUB
   877 | D:1      | 877 ||| DROPPING scroll of butterflies.
   878 | D:1      | 878 ||| DROPPING scroll of immolation.
  1022 | D:2      | 1022 ||| FLEEEEING.
  1023 | D:2      | 1023 ||| FLEEEEING.
  1024 | D:2      | 1024 ||| FLEEEEING.
  1025 | D:2      | 1025 ||| FLEEEEING.
  1027 | D:2      | 1027 ||| FLEEEEING.
  1028 | D:2      | 1028 ||| FLEEEEING.
  1029 | D:2      | 1029 ||| FLEEEEING.
  1212 | D:2      | Reached skill level 7 in Ranged Weapons
  1317 | D:2      | Found a faded altar of an unknown god.
  1891 | D:2      | Identified the +2 robe of Guxomna {rC+}
  1954 | D:2      | 1954 ||| UPGRADING to +0 ring mail.
  1964 | D:2      | 1964 ||| DROPPING +0 leather armour.
  1965 | D:2      | 1965 ||| DROPPING +2 robe of Guxomna {rC+}.
  1966 | D:2      | 1966 ||| UPGRADING to amulet of the acrobat.
  1971 | D:2      | 1971 ||| READING 2 scrolls of identify.
  1971 | D:2      | 1971 ||| IDENTIFYING brown potion
  1972 | D:2      | 1972 ||| READING scroll of identify.
  1972 | D:2      | 1972 ||| IDENTIFYING smoky coppery potion
  1973 | D:2      | 1973 ||| READING 3 scrolls labelled LAVO YPHOKKAMI.
  1976 | D:2      | 1976 ||| READING scroll labelled YLIOGASOHA.
  2077 | D:2      | 2077 ||| READING scroll labelled BAXULI SIJESUMM.
  2077 | D:2      | 2077 ||| ENCHANTING +0 shortbow.
  2078 | D:2      | 2078 ||| READING scroll labelled RIEGYOCEMY.
  2115 | D:2      | 2115 ||| READING scroll labelled CUHIK QUSEED.
  2136 | D:3      | Noticed Sigmund
  2137 | D:3      | 2137 ||| STAIRDANCE
  2139 | D:3      | 2139 ||| STAIRDANCE
  2141 | D:3      | 2141 ||| STAIRDANCE
  2207 | D:3      | 2207 ||| DRINKING potion of haste.
  2208 | D:3      | 2208 ||| STAIRDANCE
  2217 | D:2      | Killed from afar by an orc wizard

Levels and vault maps discovered:
D:1:      shiori_arrival_maze, layout_basic, minmay_misc_feat_doors
D:2:      layout_loops_corners, hellmonk_ecumenical_altar_pennies_from_heaven,
          nicolae_houndstooth_variations
D:3:      layout_basic, xom_redecorated, mainiacjoe_overflow_alcove_1,
          uniq_sigmund

Skill      XL: |  1  2  3 |
---------------+----------+-----
Ranged Weapons | 6 7 |  7.3
Fighting       | |  1.5
Dodging        | |  2.4
Stealth        | |  1.2

Action                     || total
---------------------------++-------
   Fire: Shortbow          ||   136
    Use: Scroll            ||     9
         Potion            ||     1
 Armour: Leather armour    ||    22
         Ring mail         ||    11
  Dodge: Dodged            ||    36

Table legend:
 A = Non-vault XP
 B = Vault XP
 C = Vault XP percentage of total XP
 D = Non-vault monster count
 E = Vault monster count
 F = Vault count percentage of total count
                 A         B        C        D         E       F
            +---------+---------+-------+---------+---------+-------
      Total |      88 |       3 |   3.3 |      47 |       2 |   4.1
            +---------+---------+-------+---------+---------+-------
        D:1 |      44 |       3 |   6.4 |      28 |       2 |   6.7
        D:2 |      44 |       0 |   0.0 |      19 |       0 |   0.0
            +---------+---------+-------+---------+---------+-------
